AoeStats
← Sodythaek

Arabia

510611537Analyzed
3v3 RM · 2d ago on Oct 1, 2026· 30m 19s· 6 players
Game mode
Random Map
Map size
Normal (6 player)
Population
200
Speed
Normal
Resources
Standard
Victory
Conquest
Starting age
Dark Age
Ending age
Imperial Age
RankedLock teamsTeams togetherTeam positionsShared explorationLock speedFull tech treeHidden civsTurbo modeCheats
Victory
Defeat
🇫🇷 Celts · France
1394
+15
🇫🇷 Berbers · France
1372
+16
🇫🇷 Maya · France
1361
+17
🇮🇹 Gurjaras · Italy
1417
-18
🇧🇪 Vietnamese · Belgium
1357
-15
🇫🇷 Dravidians · France
1348
-15
Zibercal
6:47 Loom
9:38 Feudal Age
10:49 Double-Bit Axe
20:01 Castle Age
18:33 Scale Barding Armor
19:56 Wheelbarrow
19:02 Horse Collar
20:19 Forging
21:26 Chain Barding Armor
25:41 Husbandry
29:07 Hand Cart
30:24 Gold Mining
30:36 Heavy Plow
30:47 Bow Saw
kilimangeakoi
6:27 Loom
9:22 Feudal Age
10:06 Double-Bit Axe
15:58 Wheelbarrow
20:25 Castle Age
18:46 Fletching
20:29 Gold Mining
20:46 Scale Barding Armor
20:52 Forging
22:01 Chain Barding Armor
22:54 Iron Casting
23:25 Bloodlines
24:16 Husbandry
25:14 Bow Saw
29:31 Pikeman
30:14 Squires
30:15 Scale Mail Armor
SaynhurChouk
7:02 Loom
9:11 Feudal Age
11:42 Double-Bit Axe
14:28 Fletching
15:47 Padded Archer Armor
22:50 Castle Age
20:55 Horse Collar
23:30 Wheelbarrow
22:52 Crossbowman
25:27 Bodkin Arrow
26:56 Ballistics
30:20 Thumb Ring
30:13 Gold Mining
30:13 Stone Mining
Zanderhino
6:01 Loom
8:59 Feudal Age
10:22 Double-Bit Axe
11:58 Horse Collar
21:50 Castle Age
19:57 Gold Mining
21:29 Fletching
23:25 Wheelbarrow
22:51 Bodkin Arrow
23:37 Bow Saw
24:05 Padded Archer Armor
26:04 Leather Archer Armor
26:48 Husbandry
29:13 Ballistics
GdR_Salinaro
6:57 Loom
9:08 Feudal Age
9:57 Double-Bit Axe
10:28 Horse Collar
13:17 Fletching
17:49 Gold Mining
20:18 Castle Age
20:30 Stone Mining
22:43 Bow Saw
23:10 Forging
23:06 Scale Barding Armor
23:45 Bloodlines
23:35 Husbandry
25:38 Chain Barding Armor
25:54 Iron Casting
26:20 Gold Shaft Mining
26:39 Heavy Plow
28:26 Wheelbarrow
27:36 Town Watch
Sodythaek
6:50 Loom
9:24 Feudal Age
11:07 Double-Bit Axe
15:03 Fletching
16:44 Padded Archer Armor
20:16 Gold Mining
20:14 Horse Collar
24:35 Castle Age
25:32 Wheelbarrow
24:52 Crossbowman
25:29 Bodkin Arrow
27:47 Bow Saw
27:40 Heavy Plow
Connection lost

Rejoining the realm…

Still unreachable

The connection could not be restored.

Session expired

The server has moved on; the page needs a fresh start.